 Dungeon Crawl Stone Soup version 0.23.2 (webtiles) character file.

Game seed: 13605325171862420557

112 zedzed the Conjurer (level 4, -2/25 HPs)
             Began as a Tengu Wizard on Apr 1, 2019.
             Slain by an orc priest
             ... wielding a +0 trident
              (9 damage)
             ... on level 4 of the Dungeon.
             The game lasted 00:15:48 (3181 turns).

zedzed the Conjurer (Tengu Wizard)                  Turns: 3181, Time: 00:15:49

Health: -2/25      AC:  4    Str:  8    XL:     4   Next: 93%
Magic:  10/10      EV: 12    Int: 19    God:
Gold:   92         SH:  0    Dex: 12    Spells: 8/9 levels left

rFire    + . .     SeeInvis .   g - +0 whip
rCold    . . .     Gourm    .   (no shield)
rNeg     . . .     Faith    .   h - +0 leather armour {rF+}
rPois    .         Spirit   .   b - +0 hat
rElec    .         Reflect  .   (no cloak)
rCorr    .         Harm     .   o - +0 pair of gloves
MR       .....                  (boots unavailable)
Stlth    ++........             (no amulet)
HPRegen  0.08/turn              (no ring)
MPRegen  0.12/turn              (no ring)

@: no status effects
A: beak, talons 3
a: no special abilities


You were on level 4 of the Dungeon.
You were hungry.

You visited 1 branch of the dungeon, and saw 4 of its levels.

You collected 92 gold pieces.

Inventory:

Hand Weapons
 g - a +0 whip (weapon)
 k - a cursed -1 morningstar
Missiles
 j - 5 javelins (quivered)
Armour
 b - a +0 hat (worn)
 h - a +0 leather armour of fire resistance (worn)
 o - a +0 pair of gloves (worn)
Jewellery
 f - an uncursed ring of positive energy {unknown}
Wands
 a - a wand of acid (6)
Scrolls
 e - a scroll of blinking
 i - 2 scrolls of enchant armour {unknown}
 l - 9 scrolls of identify {unknown}
 n - a scroll of remove curse {unknown}
 r - 2 scrolls of immolation {unknown}
Potions
 c - 2 potions of brilliance {unknown}
 m - a potion of might {unknown}
 q - a potion of heal wounds {unknown}
Comestibles
 d - 4 rations


   Skills:
 - Level 1.2 Fighting
 - Level 2.1 Dodging
 - Level 2.0 Stealth
 - Level 3.4 Spellcasting
 * Level 5.1 Conjurations
   Level 1.2 Summonings
   Level 0.7 Translocations


You had 8 spell levels left.
You knew the following spells:

 Your Spells              Type           Power        Failure   Level  Hunger
a - Magic Dart            Conj           ###.         2%          1    None

Your spell library contained the following spells:

 Spells                   Type           Power        Failure   Level  Hunger
 Call Imp                 Summ           #.......     19%         2    ##.....
 Conjure Flame            Conj/Fire      ##......     22%         3    ###....
 Blink                    Tloc           N/A          24%         2    ##.....
 Slow                     Hex            #.......     32%         2    ##.....
 Mephitic Cloud           Conj/Pois/Air  #.......     32%         3    ###....


Dungeon Overview and Level Annotations

Branches:
Dungeon (4/15)
 Temple: D:4-7

Altars:


Innate Abilities, Weirdness & Mutations

You have a beak for a mouth.
You have claws for feet.


Message History

You see here a ring mail.
You see here a ring mail.
Found a stone staircase leading down.
Found a rapier.
You see here a rapier.
You see here a rapier.
You are feeling hungry.
Found a stone staircase leading down.
There is a stone staircase leading down here.
The ogre shouts!
There is a stone staircase leading down here.
There is a stone staircase leading down here.
The orc priest shouts!
The ogre hits you with a +0 giant club!!
Ouch! That really hurt!
* * * LOW HITPOINT WARNING * * *
The orc priest hits you but does no damage.
The orc priest closely misses you.
The orc priest hits you from afar with a +0 trident!
You die...

...................# ##.## #
...................# #..# #
.............<.....# #.## #
.................### #...# .
.................# #.#... #.
.................# #.###.o.
o. .................# #..
##oo.# .................# ..
##. ........).......@# #.#
.................# .. ..
..............o..# ##.# #.##
................O###..# .. .
..................##.## #.##.
......................###
..#..
.............####...####.##.#
..........# ###...#..#..#
..........# ###...##.##


You could see an ogre and an orc priest.

Vanquished Creatures
  An orc wizard (D:4)
  2 adders
  An adder skeleton (D:4)
  A dart slug (D:4)
  3 leopard geckos (D:1)
  3 orcs
  3 bats
  3 giant cockroaches
  9 goblins
  5 hobgoblins
  6 jackals
  3 ball pythons
  2 frilled lizards (D:2)
  3 kobolds (D:1)
  7 rats
52 creatures vanquished.

Notes
Turn   | Place    | Note
-------+----------+-------------------------------------------
     0 | D:1      | zedzed the Tengu Wizard began the quest for the Orb.
     0 | D:1      | Reached XP level 1. HP: 10/10 MP: 5/5
   140 | D:1      | Reached skill level 2 in Conjurations
   278 | D:1      | Reached XP level 2. HP: 15/15 MP: 0/7
   509 | D:1      | Reached skill level 3 in Conjurations
   752 | D:1      | Reached XP level 3. HP: 19/19 MP: 4/8
  1763 | D:2      | Reached skill level 4 in Conjurations
  1813 | D:2      | You fall through a shaft for 2 floors!
  1870 | D:4      | Noticed an ogre
  2220 | D:2      | Reached XP level 4. HP: 24/24 MP: 8/10
  2679 | D:4      | Reached skill level 1 in Fighting
  2857 | D:4      | Reached skill level 5 in Conjurations
  3181 | D:4      | Slain by an orc priest

Skill      XL: |  1  2  3  4 |
---------------+-------------+-----
Conjurations   | 2 3 4 5 |  5.1
Fighting       | 1 |  1.2
Dodging        | |  2.1
Stealth        | |  2.0
Spellcasting   | |  3.4
Summonings     | |  1.2
Translocations | |  0.7

Action                   |  1- 3 |  4- 6 || total
-------------------------+-------+-------++-------
Melee: Unarmed           |     7 |       ||     7
       Kick              |     1 |       ||     1
       Whip              |     5 |     3 ||     8
 Cast: Magic Dart        |    92 |    37 ||   129
  Use: Scroll            |       |     4 ||     4
  Eat: Chunk             |     4 |     2 ||     6
Armor: Robe              |     6 |       ||     6
       Leather armour    |     1 |     4 ||     5
Dodge: Dodged            |    18 |     9 ||    27
